 Dungeon Crawl Stone Soup version 0.26.0-16-gc1dbca0489 (webtiles) character file.

Game seed: 10436115053465326240

6340 Hatywr the Basher (level 10, 100/100 HPs)
             Began as a Minotaur Fighter on Jan 21, 2021.
             Was a Plaything of Xom.
             Quit the game on level 10 of the Dungeon.
             The game lasted 00:16:08 (9132 turns).

Hatywr the Basher (Minotaur Fighter)                Turns: 9132, Time: 00:16:09

Health: 100/100    AC: 12    Str: 24    XL:     10   Next: 64%
Magic:  9/9        EV:  5    Int:  7    God:    Xom [..*...]
Gold:   595        SH: 14    Dex: 10    Spells: 9/9 levels left

rFire    . . .     SeeInvis .   A - +2 flail "Hag Zacru" {vorpal, +Blink +Fly Will+ Int+2}
rCold    + + .     Faith    .   c - +0 kite shield
rNeg     + . .     Spirit   .   t - +0 chain mail
rPois    .         Reflect  +   (helmet restricted)
rElec    .         Harm     .   d - +0 cloak
rCorr    +         Rampage  .   q - +0 pair of gloves
Will     +....                  f - +0 pair of boots
Stlth    ..........             y - amulet of reflection
HPRegen  0.26/turn              D - ring of protection from cold
MPRegen  0.11/turn              P - ring of Harmony {rC+ rN+ rCorr}

@: no status effects
A: retaliatory headbutt, horns 2
a: Renounce Religion, Evoke Blink, Evoke Flight


You were on level 10 of the Dungeon.
You worshipped Xom.
You were a toy of Xom.
You visited 1 branch of the dungeon, and saw 9 of its levels.

You collected 595 gold pieces.

Inventory:

Hand Weapons
 a - a +0 flail
 A - the +2 flail "Hag Zacru" (weapon) {vorpal, +Blink +Fly Will+ Int+2}
   (You found it on level 5 of the Dungeon)

   It inflicts extra damage upon your enemies.
   It affects your intelligence (+2).
   It affects your willpower, your defense against some magical effects.
   It lets you fly.
   It lets you blink.
Armour
 c - a +0 kite shield (worn)
 d - a +0 cloak (worn)
 f - a +0 pair of boots (worn)
 q - a +0 pair of gloves (worn)
 t - a +0 chain mail (worn)
 J - a +0 plate armour
Jewellery
 w - a cursed ring of attention
 x - an uncursed ring of positive energy
 y - an amulet of reflection (around neck)
 D - a ring of protection from cold (left hand)
 K - an uncursed ring of poison resistance {unknown}
 P - the ring of Harmony (right hand) {rC+ rN+ rCorr}
   (You found it on level 9 of the Dungeon)

   [ring of resist corrosion]

   It protects you from cold.
   It protects you from negative energy.
   It provides partial protection from all sources of acid and corrosion.
 Q - a +6 ring of dexterity {unknown}
 T - a +6 ring of dexterity {unknown}
Wands
 G - a wand of digging (4)
 M - a wand of random effects (13)
 O - a wand of acid (8)
 R - a wand of enslavement (7)
Scrolls
 e - 8 scrolls of identify
 g - 4 scrolls of amnesia
 h - 4 scrolls of fog {unknown}
 n - 5 scrolls of teleportation {unknown}
 o - 4 scrolls of random uselessness
 p - 5 scrolls of remove curse
 s - 3 scrolls of blinking
 u - a scroll of fear {unknown}
 B - a scroll of vulnerability {unknown}
 F - 2 scrolls of magic mapping {unknown}
 L - 2 scrolls of enchant armour {unknown}
 N - a scroll of enchant weapon {unknown}
Potions
 b - 5 potions of flight {unknown}
 i - 4 potions of curing
 j - a potion of resistance {unknown}
 k - a potion of lignification {unknown}
 l - 5 potions of berserk rage {unknown}
 m - 5 potions of heal wounds
 r - 2 potions of mutation {unknown}
 v - 2 potions of haste {unknown}
 z - 4 potions of brilliance {unknown}
 C - 3 potions of degeneration {unknown}
 E - 2 potions of attraction {unknown}
 H - 2 potions of might
 I - a potion of ambrosia {unknown}
 S - a potion of invisibility {unknown}


   Skills:
 + Level 12.8 Fighting
 + Level 14.1 Maces & Flails
 - Level 3.6 Armour
 - Level 3.6 Shields


You had 9 spell levels left.
You didn't know any spells.
Your spell library contained the following spells:

 Spells                   Type           Power        Failure   Level
 Poisonous Vapours        Pois/Air       0%           100%        2
 Confusing Touch          Hex            0%           100%        3
 Conjure Flame            Conj/Fire      0%           100%        3
 Gell's Gravitas          Tloc           0%           100%        3
 Mephitic Cloud           Conj/Pois/Air  0%           100%        3
 Petrify                  Tmut/Erth      0%           100%        4
 Metabolic Englaciation   Hex/Ice        0%           100%        5
 Yara's Violent Unravell  Hex/Tmut       0%           100%        5
 Freezing Cloud           Conj/Ice/Air   0%           100%        6


Dungeon Overview and Level Annotations

Branches:
Dungeon (10/15)
 Temple: D:4-7         Lair: D:8-11         Orc: D:9-12

Altars:
Dithmenos
Fedhas
Gozag
Hepliaklqana
Wu Jian
Xom

Shops:
D:6 =   D:7 =   D:8 *(   D:9 [


Innate Abilities, Weirdness & Mutations

You reflexively headbutt those who attack you in melee.
You have a pair of horns on your head.


Message History

You pick up a book of Misfortune and begin reading...
You add the spells Confusing Touch, Gell's Gravitas, Petrify, Metabolic Englaciation and Yara's Violent Unravelling to your library.
You now have 580 gold pieces (gained 17).
You now have 595 gold pieces (gained 15).
There is an open door here.
There is an open door here.
There is an open door here.
You see here a plate armour.
You see here an arrow.
You see here 24 stones.
You open the door.
There is an open door here.
You open the door.
There is an open door here.
There is an open door here.
Found 20 stones.
Welcome back, Hatywr the Minotaur Fighter.
Xom says: I'm watching you, my naughty child.
Press ? for a list of commands and other information.
Are you sure you want to abandon this character and quit the game? (Confirm with "yes".)

#....#####..#..# #......)<#
####.#......#..###......))#
...#.#.#.......##........)#
##.#.# #..#.##..#.........#
...#.. #....##............#
...#####.#####..###.......#
...# ..........###.......#
...# ##########..##.....≈.#
...# #....@......≈..####
...# #...#.............#
...# #.#.##............#
...# #.#.##............#
..## ###...#...........#
..########
#................#
.........#
#................#
.........#
#......>.........#
...≈≈....#
#.....(..........#


There were no monsters in sight!

Vanquished Creatures
  A gargoyle (D:10)
  A hornet (D:10)
  A troll (D:9)
  Sigmund (D:2)
  3 yaks (D:9)
  A water moccasin (D:8)
  7 orc warriors
  3 ice beasts
  A necrophage (D:10)
  5 ogres
  A phantom (D:6)
  7 centaurs
  A bullfrog (D:6)
  A big kobold (D:10)
  3 scorpions
  14 killer bees
  5 wights (D:9)
  2 centaur zombies
  2 bullfrog zombies
  4 orc priests
  7 hounds
  2 jellies
  9 orc wizards
  2 bullfrog skeletons
  3 centaur skeletons
  5 iguanas
  A worker ant (D:6)
  2 hound zombies
  2 hound skeletons
  A worker ant zombie (D:3)
  Robin (D:2)
  11 adders
  2 shadow imps
  5 white imps
  3 ufetubi
  3 adder zombies
  An adder skeleton (D:6)
  5 worms
  2 dart slugs (D:1)
  6 leopard geckos
  35 orcs
  10 bats
  3 giant cockroaches
  15 goblins
  9 hobgoblins
  3 jackals (D:5)
  10 kobolds
  3 quokkas
  3 frilled lizards
  2 leopard gecko zombies (D:3)
  A quokka skeleton (D:5)
  7 rats
238 creatures vanquished.

Vanquished Creatures (others)
  A kobold (D:10)
1 creature vanquished.

Grand Total: 239 creatures vanquished

Notes
Turn   | Place    | Note
-------+----------+-------------------------------------------
     0 | D:1      | Hatywr the Minotaur Fighter began the quest for the Orb.
     0 | D:1      | Reached XP level 1. HP: 19/19 MP: 0/0
   125 | D:1      | Reached skill level 3 in Maces & Flails
   176 | D:1      | Reached XP level 2. HP: 26/26 MP: 1/1
   484 | D:1      | Reached skill level 4 in Maces & Flails
   881 | D:2      | Reached XP level 3. HP: 31/31 MP: 2/2
   921 | D:2      | Noticed Sigmund
   929 | D:2      | Killed Sigmund
   930 | D:2      | Reached skill level 6 in Maces & Flails
   930 | D:2      | Reached XP level 4. HP: 30/39 MP: 3/3
   930 | D:2      | Reached XP level 5. HP: 35/45 MP: 4/4
  1090 | D:2      | Noticed Robin
  1104 | D:2      | Killed Robin
  1105 | D:2      | Reached skill level 7 in Maces & Flails
  1314 | D:2      | Found a blossoming altar of Fedhas.
  1714 | D:2      | Found a shimmering altar of Xom.
  1727 | D:2      | Reached XP level 6. HP: 51/52 MP: 5/5
  1734 | D:2      | Found a hazy altar of Hepliaklqana.
  1737 | D:2      | Found a shadowy altar of Dithmenos.
  2184 | D:3      | You fall into a shaft and drop 2 floors!
  2184 | D:5      | Entered Level 5 of the Dungeon
  2214 | D:5      | Reached skill level 8 in Maces & Flails
  2351 | D:5      | Found a shadowy altar of Dithmenos.
  2545 | D:5      | Reached skill level 5 in Fighting
  2545 | D:5      | Reached XP level 7. HP: 22/61 MP: 6/6
  3163 | D:5      | Got an iridescent flail
  3164 | D:5      | Identified the +2 flail "Hag Zacru" {vorpal, +Blink +Fly
                  | Will+ Int+2} (You found it on level 5 of the Dungeon)
  3819 | D:6      | Found an opulent altar of Gozag.
  3974 | D:6      | Reached skill level 9 in Maces & Flails
  3988 | D:6      | Found Syraumao's Jewellery Emporium.
  4226 | D:6      | Reached XP level 8. HP: 73/73 MP: 7/7
  4249 | D:6      | Reached skill level 10 in Maces & Flails
  4496 | D:7      | Found a blossoming altar of Fedhas.
  4910 | D:7      | Found Zanaalel's Jewellery Shop.
  5217 | D:6      | Reached skill level 11 in Maces & Flails
  5574 | D:8      | Reached XP level 9. HP: 52/83 MP: 8/8
  5830 | D:8      | Found Riystydi's Weapon Boutique.
  5843 | D:8      | Found Humuh's Assorted Antiques.
  6002 | D:8      | Reached skill level 10 in Fighting
  6298 | D:8      | Reached skill level 12 in Maces & Flails
  6790 | D:8      | Found an ornate altar of the Wu Jian Council.
  7270 | D:9      | Found a shimmering altar of Xom.
  7287 | D:9      | Became a worshipper of Xom of Chaos
  7297 | D:9      | Reached skill level 13 in Maces & Flails
  7297 | D:9      | Reached XP level 10. HP: 93/96 MP: 9/9
  7325 | D:9      | Got a steaming lapis lazuli ring
  7327 | D:9      | Identified the ring of Harmony {rC+ rN+ rCorr} (You found
                  | it on level 9 of the Dungeon)
  7464 | D:9      | XOM: silly message
  7817 | D:9      | XOM: silly message
  7833 | D:9      | Found Keppaon's Antique Armour Emporium.
  8008 | D:10     | Entered Level 10 of the Dungeon
  8028 | D:10     | XOM: noise
  8087 | D:10     | XOM: scenery: summon butterflies
  8374 | D:10     | Noticed a gargoyle
  8376 | D:10     | XOM: potion effect (invisibility)
  8391 | D:10     | Killed a gargoyle
  8529 | D:10     | XOM: enchant monster (good)
  8541 | D:10     | Reached skill level 14 in Maces & Flails
  8718 | D:10     | Paralysed by a hornet for 3 turns
  9132 | D:10     | Quit the game

Illustrated notes

Levels and vault maps discovered:
D:1:      psy_arrival_dodecagon, layout_loops_ring, serial_forest,
          infiniplex_forest_straight_2, infiniplex_forest_straight_4,
          infiniplex_forest_end_3, infiniplex_forest_lined_3
D:2:      layout_loops_ring, lemuel_doored_altar, grunt_temple_overflow_diamond,
          uniq_robin, uniq_sigmund
D:3:      layout_basic, serial_undead, serial_undead_d, serial_undead_b,
          serial_undead_e, serial_undead_a, serial_undead_a, feat_on_display,
          uniq_crazy_yiuf_cottage
D:5:      layout_basic, minivault_27, amcnicky_altar_gilded
D:6:      layout_basic, serial_shops, kennysheep_mini_moat, grunt_gozag_statues
D:7:      layout_cave_pools, serial_shops, shop, grunt_ministairs_4,
          fedhas_altar_fruit_tree
D:8:      layout_basic, nzn_wu_jian_council_hall, serial_shops, shop, shop,
          roderic_lattice_a
D:9:      layout_gridville, basic_altar, serial_shops, shop
D:10:     layout_basic, minmay_misc_feat_secret_circle, minivault_10

Skill      XL: |  1  2  3  4  5  6  7  8  9 10 |
---------------+-------------------------------+-----
Maces & Flails | 3 4 6 7 8 9 11 13 14 | 14.1
Fighting       | 5 7 9 11 12 | 12.8
Armour         | |  3.6
Shields        | |  3.6

Action                   |  1- 3 |  4- 6 |  7- 9 | 10-12 || total
-------------------------+-------+-------+-------+-------++-------
Melee: Flail             |    53 |   190 |   317 |   163 ||   723
       Headbutt          |     8 |    27 |    51 |    42 ||   128
  Use: Potion            |     1 |     2 |     1 |       ||     4
       Scroll            |       |     4 |     1 |       ||     5
 Stab: Invisible         |       |       |       |     4 ||     4
       Paralysed         |       |       |       |     3 ||     3
Armor: Scale mail        |    29 |    32 |       |       ||    61
       Chain mail        |       |    56 |   126 |    56 ||   238
Dodge: Dodged            |     9 |    42 |    31 |    24 ||   106
Block: Kite shield       |    33 |   106 |   208 |   101 ||   448
       Reflection        |       |       |     7 |    12 ||    19
